Map: Rifts to Korhal

Players

InSiDeR

  • Race: Protoss Protoss
  • Spawn Location: 7:00

NamroodTuo

  • Race: Zerg Zerg

VOD

Have the link to the VOD?

Description

Time

  • Played on: May 19, 2023, 2:03 a.m.
  • Length: 19:53
Show
View Real Time Build Order
Export as new Build Order

InSiDeR Protoss 

Build Orders:  

Get SALT Encoding   

  12  0:10  Probe (Chrono Boost)  
  13  0:24  Probe (Chrono Boost)  
  14  0:38  Probe (Chrono Boost)  
  14  0:39  Assimilator  
  15  0:51  Probe (Chrono Boost)  
  15  0:58  Gateway  
  16  1:05  Probe (Chrono Boost)  
  17  1:19  Probe (Chrono Boost)  
  17  1:28  Unknown x4  
  17  1:29  Unknown x4  
  18  1:30  Unknown x2  
  18  1:46  Nexus  
  18  1:55  Probe (Chrono Boost)  
  19  2:08  Pylon  
  19  2:09  Probe (Chrono Boost)  
  20  2:22  Probe (Chrono Boost)  
  20  2:25  Pylon  
  21  2:30  Zealot  
  21  2:39  Probe (Chrono Boost)  
  22  2:52  Zealot  
  24  3:05  Gateway  
  24  3:14  Zealot  
  24  3:18  Unknown x2  
  24  3:19  Unknown x4  
  26  3:20  Unknown x4  
  26  3:32  Probe (Chrono Boost)  
  26  3:38  Assimilator  
  27  3:46  Probe (Chrono Boost)  
  28  3:55  Pylon  
  25  4:00  Probe (Chrono Boost)  
  28  4:01  Assimilator  
  28  4:02  Probe (Chrono Boost)  
  30  4:13  Probe (Chrono Boost)  
  30  4:16  Probe (Chrono Boost)  
  32  4:26  Cybernetics Core  
  32  4:33  Probe (Chrono Boost)  
  32  4:38  Probe (Chrono Boost)  
  34  4:47  Probe (Chrono Boost)  
  35  4:53  Forge  
  35  4:57  Forge  
  35  5:01  Probe (Chrono Boost)  
  32  5:12  Zealot x2  
  32  5:19  Zealot  
  38  5:23  Zealot  
  40  5:38  Twilight Council  
  40  5:40  Protoss Ground Weapons Level 1  
  40  5:45  Protoss Shields Level 1  
  40  5:59  Robotics Facility  
  40  6:03  Probe (Chrono Boost)  
  41  6:17  Probe (Chrono Boost)  
  41  6:18  Probe (Chrono Boost)  
  43  6:32  Probe (Chrono Boost)  
  43  6:37  Trillic Compresion Mesh  
  44  6:45  Probe (Chrono Boost)  
  44  6:46  Probe (Chrono Boost)  
  46  6:59  Probe (Chrono Boost)  
  46  7:00  Probe (Chrono Boost)  
  46  7:01  Robotics Facility  
  48  7:12  Robotics Bay  
  48  7:16  Probe (Chrono Boost)  
  49  7:24  Photon Cannon  
  49  7:30  Probe (Chrono Boost), Assimilator  
  49  7:33  Probe (Chrono Boost)  
  49  7:39  Observer  
  52  7:40  Observer  
  52  7:44  Probe (Chrono Boost)  
  54  7:53  Dragoon  
  54  7:54  Dragoon  
  52  8:07  Singularity Charge  
  50  8:12  Unknown x4  
  50  8:13  Unknown x4  
  50  8:14  Unknown x2  
  50  8:28  Dragoon  
  50  8:29  Dragoon x3  
  58  8:47  Dragoon  
  60  9:04  Gravitic Boosters  
  60  9:07  Charge  
  58  9:12  Protoss Ground Weapons Level 2  
  58  9:19  Probe (Chrono Boost)  
  59  9:33  Probe (Chrono Boost)  
  60  9:47  Probe (Chrono Boost)  
  61  9:52  Gateway  
  61  9:57  Dragoon  
  61  9:58  Dragoon x2, Gateway  
  61  9:59  Dragoon  
  69  10:00  Observer  
  69  10:01  Probe (Chrono Boost), Gateway x2, Observer  
  69  10:04  Improved Barrier  
  72  10:12  Dragoon x2  
  76  10:53  Immortal x2  
  76  10:54  Immortal  
  85  11:19  Dragoon x2  
  89  11:20  Dragoon x2  
  89  11:23  Observer  
  94  11:46  Protoss Shields Level 2  
  94  11:50  Probe (Chrono Boost)  
  95  12:03  Dragoon  
  95  12:04  Probe (Chrono Boost), Dragoon  
  95  12:09  Observer  
  101  12:18  Probe (Chrono Boost)  
  102  12:22  Dragoon x2  
  106  12:32  Probe (Chrono Boost)  
  107  12:42  Zealot  
  107  12:46  Probe (Chrono Boost)  
  110  12:51  Zealot  
  110  12:52  Zealot x3  
  110  12:53  Zealot x3  
  110  12:54  Zealot x2  
  110  12:55  Zealot x2  
  110  12:56  Zealot x2  
  110  12:58  Observer  
  110  12:59  Observer  
  138  13:00  Observer  
  139  13:16  Protoss Ground Weapons Level 3  
  139  13:53  Dragoon  
  139  13:55  Dragoon x3  
  147  14:04  Observer x2  
  145  14:25  Dragoon x2  
  145  14:26  Dragoon x2  
  137  14:55  Protoss Ground Armor Level 1  
  137  14:59  Whirlwind  
  103  15:18  Dragoon  
  103  15:19  Dragoon  
  103  15:20  Zealot  
  101  15:39  Dragoon, Zealot  
  105  15:40  Zealot x2  
  105  15:41  Zealot x3  
  105  15:42  Zealot x3  
  105  15:43  Zealot x3  
  127  15:53  Observer x3  
  130  16:23  Unknown x2  
  130  16:24  Unknown x4  
  130  16:25  Unknown x4  
  130  16:29  Zealot x3  
  136  16:34  Observer x2  
  136  16:35  Reaver  
  138  16:46  Scarab Housing  
  125  16:56  Observer  
  118  17:08  Unknown x4  
  118  17:09  Unknown x4  
  114  17:10  Unknown x2  
  114  17:17  Observer  
  114  17:18  Observer  
  116  17:21  Zealot  
  116  17:22  Zealot x3  
  116  17:23  Zealot x3  
  116  17:24  Zealot  
  116  17:26  Zealot  
  132  17:40  Observer  
  132  17:46  Unknown x4  
  132  17:47  Unknown x4  
  132  17:48  Unknown x2  
  125  18:11  Zealot  
  125  18:12  Dragoon x2  
  131  18:24  Photon Cannon  
  131  18:27  Photon Cannon  
  131  18:29  Photon Cannon  
  127  18:33  Observer x3  
  128  19:04  Dragoon, Zealot  
  128  19:05  Dragoon  
  128  19:08  Unknown x4  
  128  19:09  Unknown x4  
  128  19:10  Unknown x2  
  128  19:19  Zealot x3  
  126  19:20  Zealot  
  126  19:21  Zealot x2  
  126  19:22  Zealot  
  126  19:23  Zealot x2  
  126  19:24  Zealot x2  
  126  19:25  Zealot  
  126  19:26  Zealot  
  126  19:29  Observer x2  
  128  19:30  Observer x2  
  130  19:41  Unknown x2  
  130  19:42  Unknown x4  
  130  19:43  Unknown x4  
Show
View Real Time Build Order
Export as new Build Order

NamroodTuo Zerg 

Build Orders:  

Get SALT Encoding   

  12  0:19  Infested Barracks  
  12  0:27  Infested SCV  
  13  0:32  Infested SCV  
  13  0:39  Infested SCV  
  15  0:51  Overlord  
  15  1:16  Infested SCV  
  16  1:20  Infestation Level 1  
  16  1:26  Infested SCV  
  16  1:29  Infested SCV  
  18  1:39  Overlord  
  18  1:45  Infested SCV  
  19  1:54  Infested SCV  
  20  2:03  Infested Engineering Bay  
  20  2:09  Infested SCV  
  21  2:29  Infested Marine  
  22  2:30  Infested Marine x9  
  22  2:35  Overlord  
  29  3:24  Infested Refinery  
  33  3:50  Infested Bunker  
  33  4:00  Infested SCV x4  
  33  4:01  Infested Refinery  
  33  4:02  Infested SCV  
  38  4:21  Infested Command Center  
  30  4:42  Infested SCV, Infested Missile Turret  
  30  4:49  Infested SCV x2  
  33  5:05  Anaerobic Enhancement  
  33  5:24  Infested SCV x2  
  35  5:45  Infested Bunker  
  39  6:07  Infested SCV x2  
  39  6:08  Infested SCV  
  42  6:13  Stukov Infantry Weapons Level 1  
  42  6:59  Infested Bunker  
  46  7:06  Infested Bunker  
  50  7:13  Infested SCV x3  
  53  7:21  Overlord  
  53  7:38  Broodling Gestation  
  53  7:50  Infested SCV x2  
  55  8:00  Infested SCV  
  56  8:36  Infested Factory  
  60  8:43  Infested SCV, Infested Bunker  
  60  8:48  Overlord  
  61  8:51  Infested SCV  
  61  8:53  Stukov Infantry Armor Level 1  
  62  9:02  Unknown  
  62  9:05  Infested Missile Turret  
  62  9:08  Infestation Level 2  
  62  9:23  Infested SCV x2  
  62  9:27  Infested Refinery  
  64  9:31  Infested Refinery  
  64  9:36  Infested Bunker  
  68  9:55  Infested Armory  
  68  10:10  Overlord  
  68  10:11  Overlord x3  
  68  10:39  Infested Bunker  
  72  10:55  Infested SCV x2  
  72  10:56  Infested SCV x3  
  81  11:13  Infested Missile Turret  
  81  11:17  Overlord  
  81  11:26  Infested Bunker  
  81  11:33  Regenerative Plating  
  85  11:47  Infested Bunker  
  85  12:00  Infested Barracks  
  85  12:33  Stukov Infantry Weapons Level 2  
  89  12:41  Infested Bunker  
  89  12:42  Infestation Level 3  
  89  12:44  Infested Colonist Compound  
  89  13:03  Stukov Vehicle and Ship Armor Level 1  
  89  13:06  Infested Barracks Tech Lab  
  89  13:09  Infested Factory Tech Lab  
  93  13:20  Infested Bunker  
  93  13:56  Overlord x2  
  93  13:57  Aggressive Incubation  
  93  13:58  Infested SCV x3  
  96  14:02  Overseer x4  
  96  14:03  Overseer  
  100  14:17  Infested Bunker  
  100  14:51  Infested Barracks  
  100  15:05  Infested SCV  
  100  15:06  Infested SCV x4  
  105  15:11  Overlord x4  
  105  15:32  Retinal Augmentation  
  105  15:35  Saturated Cultures  
  105  15:43  Stukov Vehicle and Ship Weapons Level 1, Stukov Infantry Armor Level 2  
  109  15:53  Infested Bunker  
  109  16:32  Plagued Munitions  
  109  16:34  Overlord x3  
  109  16:35  Overlord x3, Caustic Mucus  
  117  16:52  Infested Bunker  
  117  16:53  Infested Missile Turret  
  117  16:55  Infested Bunker  
  117  17:00  Infested Missile Turret  
  117  17:41  Infested Marine  
  117  17:42  Infested Marine x14  
  117  17:43  Infested Marine x5  
  131  18:04  Automated Mitosis  
  131  18:10  Infested Marine  
  131  18:11  Infested Marine x17  
  131  18:12  Infested Marine x22  
  131  18:13  Infested Marine x6  
Tags
 
Commander
ArtanisStukov
Matchup
Co-op
Replay Pack
Multiplayer
Add a new tag
Caveats
  • Supply blocks, unpowered buildings, or Contaminate may cause inaccurate times.
  • Supply counts are checked every 10 seconds.